 Dungeon Crawl Stone Soup version 0.29.1-13-g9f3cf754e1 (webtiles) character file.

Game seed: 5709883844195188003

1 Heoruswealwe the Shooter (level 1, 0/12 HPs)
             Began as a Kobold Hunter on Jan 31, 2023.
             Slain by a jackal (3 damage)
             ... on level 1 of the Dungeon.
             The game lasted 00:02:27 (81 turns).

Heoruswealwe the Shooter (Kobold Hunter)              Turns: 81, Time: 00:02:27

Health: 0/12       AC:  3    Str:  8    XL:     1   Next: 22%
Magic:  1/1        EV: 14    Int: 10    God:
Gold:   0          SH:  0    Dex: 18    Spells: 0/0 levels left

rFire   . . .      SeeInvis .   a - +0 shortbow
rCold   . . .      Faith    .   (shield currently unavailable)
rNeg    . . .      Spirit   .   c - +0 leather armour
rPois   .          Reflect  .   (no helmet)
rElec   .          Harm     .   (no cloak)
rCorr   .          Rampage  .   (no gloves)
Will    .....                   (no boots)
Stlth   +++.......              (no amulet)
HPRegen 0.04/turn               (no ring)
MPRegen 0.07/turn               (no ring)

@: no status effects
A: small, no large weapons, nightstalker 3
a: no special abilities


You were on level 1 of the Dungeon.
You visited 1 branch of the dungeon, and saw 1 of its levels.

Inventory:

Hand Weapons
 a - a +0 shortbow (weapon)
 e - a +0 club
Missiles
 d - 3 stones
Armour
 c - a +0 leather armour (worn)
Scrolls
 b - a scroll of immolation


   Skills:
 + Level 2.1 Fighting
 + Level 5.4 Ranged Weapons
 + Level 2.4 Dodging
 + Level 1.3 Stealth


You couldn't memorise any spells.
You didn't know any spells.
Your spell library was empty.

Dungeon Overview and Level Annotations

Branches:
Dungeon (1/15)

Altars:


Innate Abilities, Weirdness & Mutations

You are small and have problems with some larger weapons.
You are completely attuned to the shadows.


Message History

You hear a shout!
Fire: a) +0 shortbow
Press: ? - help, Q - select action, (/) - cycle Shift-Dir - straight line, f - jackal
Aim: a jackal (58% to hit)
You shoot an arrow. The arrow hits the jackal.
The jackal is almost dead.
Fire: a) +0 shortbow
Press: ? - help, Q - select action, (/) - cycle Shift-Dir - straight line, f/p - jackal
Aim: a jackal (almost dead, 58% to hit)
You shoot an arrow. The arrow barely misses the jackal.
The jackal misses you. The jackal barely misses you.
A kobold comes into view. It is wielding a +0 whip.
The ball python completely misses you. The ball python closely misses you.
The ball python bites you but does no damage.
The ball python closely misses you.
The ball python attacks as you move away!
The ball python bites you. The ball python closely misses you.
There is an open door here.
The ball python attacks as you move away!
The ball python bites you but does no damage.
The jackal barely misses you.
The ball python attacks as you move away!
The ball python bites you. The jackal closely misses you.
The jackal attacks as you move away! The jackal barely misses you.
The ball python misses you. x2
Fire: a) +0 shortbow
Press: ? - help, Q - select action, (/) - cycle Shift-Dir - straight line, f/p - jackal
Aim: a jackal (severely wounded, 58% to hit)
You shoot an arrow. The arrow hits the ball python.
You kill the ball python!
The jackal bites you.
* * * LOW HITPOINT WARNING * * *
Fire: a) +0 shortbow
Press: ? - help, Q - select action, (/) - cycle Shift-Dir - straight line, f/p - jackal
Aim: a jackal (severely wounded, 58% to hit)
You shoot an arrow. The arrow closely misses the jackal.
The arrow hits the rat.
You kill the rat!
The jackal bites you.
You die...

#.#.# ###.h.#
#....##
#.##g.#
##'###g##
#...#...#...#
#...#≈.~#..≈#
#...#≈hh#.≈≈#
#...#≈@~#≈≈§#
#...#~.~#≈§§#
#...#~.~#≈..#
#...#...#...#
#...........#
#...........#
#...........#
#...........#
#.....<.....#


You could see 2 jackals and a goblin.

Vanquished Creatures
  2 ball pythons (D:1)
  A rat (D:1)
3 creatures vanquished.

Notes
Turn   | Place    | Note
-------+----------+-------------------------------------------
     0 | D:1      | Heoruswealwe the Kobold Hunter began the quest for the Orb.
     0 | D:1      | Reached XP level 1. HP: 12/12 MP: 1/1
    81 | D:1      | Slain by a jackal

Illustrated notes

Levels and vault maps discovered:
D:1:      lightli_arrival_quake, layout_rooms, hangedman_glass_teeth,
          chequers_mini_garden

Action                   || total
-------------------------++-------
 Fire: Shortbow          ||     6
  Use: Scroll            ||     1
Armor: Leather armour    ||     2
Dodge: Dodged            ||    11
